 Dungeon Crawl Stone Soup version 0.30-a0-622-gddc90eaa04 (webtiles) character file.

Game seed: 10460944261196078306

7644 Leeroy the Slicer (level 11, -4/81 HPs)
             Began as a Kobold Enchanter on Jan 10, 2023.
             Was a Priest of Wu Jian.
             Slain by a gargoyle
             ... wielding a +0 mace
              (7 damage)
             ... on level 11 of the Dungeon.
             The game lasted 00:32:13 (11778 turns).

Leeroy the Slicer (Kobold Enchanter)               Turns: 11778, Time: 00:32:14

Health: -4/81      AC: 29    Str:  7    XL:     11   Next: 41%
Magic:  2/19       EV:  3    Int: 23    God:    Wu Jian [***...]
Gold:   469        SH:  0    Dex: 17    Spells: 6/21 levels left

rFire   . . .      SeeInvis .    o - +4 dagger "Morg" {pain, Will+ Int+5}
rCold   . . .      Faith    .    (no shield)
rNeg    . . .      Spirit   .    (body armour currently unavailable)
rPois   +          Reflect  .    (helmet currently unavailable)
rElec   .          Harm     .    (cloak currently unavailable)
rCorr   .          Rampage  .    (gloves currently unavailable)
Will    +....      NoTele   +    (boots currently unavailable)
Stlth   ++++++                   (no amulet)
HPRegen 0.33/turn                P - +4 ring of slaying
MPRegen 0.16/turn                x - +4 ring of protection

@: tree-form, very slightly contaminated
A: stationary, stasis, torment immunity, boosted hp, small, no large weapons,
nightstalker 3
a: Renounce Religion, Wall Jump, Serpent's Lash


You were on level 11 of the Dungeon.
You worshipped Wu Jian.
Wu Jian was most pleased with you.
You were a tree.
You visited 2 branches of the dungeon, and saw 11 of its levels.
You also visited: Ossuary and Gauntlet.

You collected 661 gold pieces.
You spent 192 gold pieces at shops.

Inventory:

Hand Weapons
 a - a +1 dagger
 i - a +0 long sword
 o - the +4 dagger "Morg" (weapon) {pain, Will+ Int+5}
   (You found it on level 3 of the Dungeon)

   Int:       It affects your intelligence (+5).
   Will:      It increases your willpower.
 H - a +0 rapier of flaming
 Q - the +5 morningstar of Epacepni {protect, rF++ Will- Int+3}
   (You found it on level 7 of the Dungeon)

   Int:       It affects your intelligence (+3).
   rF:        It greatly protects you from fire.
   Will:      It decreases your willpower.
 R - a +0 short sword of draining
 V - a +2 heavy mace
Missiles
 z - 3 poisoned darts (quivered)
Armour
 b - a +0 robe
 p - a +0 pair of gloves (melded)
 s - a scarf of invisibility (melded)
 G - the +1 leather armour of Feasting (melded) {Drain Str-5 Dex+8 Stlth+}
   (You bought it in a shop on level 1 of the Dungeon)

   Str:       It affects your strength (-5).
   Dex:       It affects your dexterity (+8).
   Drain:     It drains your maximum health when unequipped.
   Stlth:     It makes you more stealthy.
 J - a +0 pair of boots (melded)
 M - an orb of energy
 S - +0 acid dragon scales
 W - the +1 hat of Kynk {rElec Str+3 Dex-5}
   (You found it in a Gauntlet)

   Str:       It affects your strength (+3).
   Dex:       It affects your dexterity (-5).
   rElec:     It insulates you from electricity.
Magical Staves
 w - a staff of conjuration
Jewellery
 g - the amulet "Zoup" {RegenMP Contam Rampage rPois rN++}
   (You took it off a minotaur in a Gauntlet)

   [amulet of magic regeneration]

   It increases your rate of magic regeneration.
   rPois:     It protects you from poison.
   rN:        It greatly protects you from negative energy.
   Contam:    It causes magical contamination when unequipped.
   Rampage:   It bestows one free step when moving towards enemies.
 r - a ring of see invisible
 x - a +4 ring of protection (right branch)
 O - the ring of Doubts {rPois rF++}
   (You found it in a Gauntlet)

   [ring of poison resistance]

   rF:        It greatly protects you from fire.
   rPois:     It protects you from poison.
 P - a +4 ring of slaying (left branch)
Wands
 d - a wand of paralysis (10)
 D - a wand of digging (6)
 E - a wand of flame (36)
 K - a wand of polymorph (5)
Scrolls
 c - 2 scrolls of fear {unknown}
 f - 3 scrolls of enchant weapon
 k - a scroll of noise
 l - 3 scrolls of magic mapping
 n - 2 scrolls of blinking
 q - 2 scrolls of teleportation
 v - a scroll of poison
 y - 3 scrolls of enchant armour {unknown}
 B - a scroll of brand weapon
 C - a scroll of immolation
 L - a scroll of acquirement
 T - 2 scrolls of amnesia {unknown}
Potions
 e - 4 potions of flight
 h - 2 potions of mutation {unknown}
 m - 2 potions of curing {unknown}
 t - a potion of might {unknown}
 u - a potion of attraction {unknown}
 F - a potion of ambrosia {unknown}
 N - a potion of resistance {unknown}


   Skills:
 - Level 12.1 Short Blades
 - Level 9.3 Dodging
 - Level 12.0 Stealth
 - Level 5.6 Spellcasting
 - Level 5.8 Conjurations
 + Level 4.1 Hexes
 - Level 3.0 Ice Magic


You had 6 spell levels left.
You knew the following spells:

 Your Spells              Type           Power      Damage    Failure   Level
a - Ensorcelled Hibernat  Hex/Ice        44%        N/A       3%          2
b - Confusing Touch       Hex            25%        N/A       4%          3
c - Tukima's Dance        Hex            25%        N/A       4%          3
d - Dazzling Flash        Conj/Hex       58%        N/A       3%          3
e - Leda's Liquefaction   Hex/Erth       8%         N/A       36%         4

Your spell library contained the following spells:

 Spells                   Type           Power      Damage    Failure   Level
 Sting                    Tmut/Pois      24%        1d4       9%          1
 Portal Projectile        Hex/Tloc       32%        N/A       12%         3
 Poisonous Vapours        Pois/Air       12%        N/A       14%         2
 Call Canine Familiar     Summ           6%         N/A       26%         3
 Olgreb's Toxic Radiance  Pois           6%         N/A       65%         4


Dungeon Overview and Level Annotations

Branches:
Dungeon (11/15)            Temple (1/1) D:4            Lair (0/5) D:8
Ossuary (visited)         Gauntlet (visited)
    Orc: D:9-12

Altars:
Ashenzari
Dithmenos
Elyvilon
Fedhas
Gozag
Hepliaklqana
Kikubaaqudgha
Makhleb
Nemelex Xobeh
Okawaru
Qazlal
Ru
Sif Muna
Trog
Uskayaw
Vehumet
Wu Jian
Xom
Yredelemnul
Zin
The Shining One

Shops:
D:1 *[   D:5 (

Annotations:
D:3 2 transporters, caveywoolpert's ghost, amateur DEEE
D:7 Dowan
D:8 Grum


Innate Abilities, Weirdness & Mutations

You are a tree.
Your roots penetrate the ground, keeping you stationary.
You cannot be teleported.
You are immune to unholy pain and torment.
Your maximum health is greatly increased.
Your equipment is partially melded.
You are small and have problems with some larger weapons.
You are completely attuned to the shadows.


Message History

Aim: a gargoyle, wielding a +0 mace (chance to affect: 38%)
You miscast Tukima's Dance.
Nothing appears to happen.
The gargoyle completely misses you.
Casting: Tukima's Dance (dangerous; 11% risk of failure)
Confirm with . or Enter, or press ? or * to list all spells.
Aiming: Tukima's Dance (dangerous; 11% risk of failure)
Press: ? - help, Shift-Dir - straight line, f/p - gargoyle
Aim: a gargoyle, wielding a +0 mace (chance to affect: 38%)
The gargoyle resists with some effort.
The gargoyle hits you with a +0 mace!
* * * LOW HITPOINT WARNING * * *
Things that are here:
a +0 dire flail; a +0 plate armour Really quaff the potion of lignification?
You turn into a tree.
Your scarf of invisibility melds into your body.
Your +0 pair of gloves melds into your body.
Your +0 pair of boots melds into your body.
The +1 leather armour of Feasting {Drain Str-5 Dex+8 Stlth+} melds into your body.
Your roots penetrate the ground.
The gargoyle hurls a stone arrow at you.
The stone arrow hits you!
* * * LOW HITPOINT WARNING * * *
Okay, then.
As you read the scroll of summoning, it crumbles to dust.
Wisps of shadow whirl around you... The gargoyle barely misses you.
You hit the gargoyle but do no damage. The gargoyle hits you with a +0 mace!
* * * LOW HITPOINT WARNING * * *
Okay, then.
Aiming: Paralyse
Press: ? - help, Shift-Dir - straight line, f/p - gargoyle
Aim: a gargoyle, wielding a +0 mace (ally target, chance to affect: 31%)
The gargoyle easily resists.
Your komodo dragon bites the gargoyle.
The gargoyle barely misses you.
You hit the gargoyle but do no damage.
The gargoyle is lightly damaged.
Your komodo dragon bites the gargoyle!
You hit the gargoyle but do no damage.
The gargoyle is severely damaged.
The gargoyle hits you with a +0 mace!
You die...

#.# #.# #.#.#
#.#.# #.#.### ...
####.#.... ..#
.......... ..#
####.#########..##
#......TV♣9l...
###############


You could see a gargoyle (ally target), a friendly komodo dragon (summoned), a
friendly troll (summoned) and a friendly vampire (summoned).

Vanquished Creatures
  A minotaur (Gauntlet)
  Maggie (D:7)
  A troll (D:11)
  Sigmund (D:3)
  7 yaks
  A wraith (D:11)
  A vampire mosquito (D:7)
  Edmund (D:6)
  A water moccasin (D:8)
  Duvessa (D:7)
  A spectral hornet (Gauntlet)
  2 sky beasts
  3 orc warriors
  3 ice beasts
  2 ogres
  2 wolves (D:8)
  7 centaurs
  Blork the orc (D:5)
  3 bullfrogs
  2 necrophages (D:5)
  2 elf zombies (Ossuary)
  2 gnoll sergeants (D:8)
  3 scorpions (D:5)
  A killer bee (D:7)
  5 howler monkeys
  5 hounds
  A centaur zombie (Ossuary)
  A gnoll bouda (D:3)
  3 jellies
  A human zombie (Ossuary)
  5 orc priests
  Jessica (D:3)
  An iguana (D:5)
  9 orc wizards
  4 hound zombies (Ossuary)
  4 mummies
  Robin (D:3)
  7 gnolls (D:8)
  12 adders
  4 shadow imps
  2 white imps (Gauntlet)
  An ufetubus (D:6)
  4 adder zombies (Ossuary)
  3 worms
  26 orcs
  3 endoplasms
  5 giant cockroaches
  A gnoll zombie (Ossuary)
  6 hobgoblins
  3 jackals (D:2)
  3 quokkas
  18 ball pythons
  6 bats
  4 frilled lizards
  11 goblins
  3 goblin zombies (Ossuary)
  3 hobgoblin zombies (Ossuary)
  4 jackal zombies (Ossuary)
  9 kobolds
  5 kobold zombies
  An orc zombie (D:6)
  4 quokka zombies (Ossuary)
  3 rats
  5 rat zombies (Ossuary)
247 creatures vanquished.

Vanquished Creatures (others)
  2 wizards (Gauntlet)
  A centaur (D:11)
  A goblin (D:3)
  3 fungi (D:8)
  2 plants (D:8)
9 creatures vanquished.

Grand Total: 256 creatures vanquished

Notes
Turn   | Place    | Note
-------+----------+-------------------------------------------
     0 | D:1      | Leeroy the Kobold Enchanter began the quest for the Orb.
     0 | D:1      | Reached XP level 1. HP: 10/10 MP: 3/3
   265 | D:1      | Found Qeassis's Armour Shop.
   312 | D:1      | Reached XP level 2. HP: 15/15 MP: 5/5
   412 | D:1      | Reached skill level 5 in Stealth
   658 | D:1      | Found Bucleps's Assorted Antiques.
   741 | D:1      | Learned a level 2 spell: Ensorcelled Hibernation
   778 | D:2      | Reached XP level 3. HP: 19/19 MP: 3/6
  1140 | D:2      | Reached XP level 4. HP: 24/24 MP: 2/7
  1255 | D:2      | Learned a level 3 spell: Confusing Touch
  1590 | D:2      | Reached XP level 5. HP: 28/28 MP: 8/8
  1786 | D:2      | Reached skill level 1 in Ice Magic
  1838 | D:2      | Found a faded altar of an unknown god.
  1982 | D:3      | Noticed Jessica
  1982 | D:3      | Found the +4 dagger "Morg" {pain, Will+ Int+5}
  1983 | D:3      | Killed Jessica
  2343 | D:3      | Noticed Robin
  2393 | D:2      | Learned a level 3 spell: Tukima's Dance
  2544 | D:3      | Found a transporter.
  2618 | D:3      | Found a transporter.
  2618 | D:3      | Noticed caveywoolpert's ghost (amateur DEEE)
  2742 | D:3      | Noticed Sigmund
  2743 | D:3      | Noticed a centaur
  2883 | D:3      | Reached XP level 6. HP: 32/32 MP: 9/9
  3203 | D:3      | Killed Robin
  4250 | D:4      | Found a white marble altar of Elyvilon.
  4256 | D:4      | Noticed an ogre
  4265 | D:4      | Found a broken altar of Ashenzari.
  4274 | D:4      | Reached XP level 7. HP: 23/36 MP: 4/10
  4283 | D:4      | Reached skill level 10 in Stealth
  4371 | D:4      | Found a basalt altar of Yredelemnul.
  4374 | D:4      | Found a sparkling altar of Nemelex Xobeh.
  4624 | D:4      | Found a staircase to the Ecumenical Temple.
  4794 | Temple   | Entered the Ecumenical Temple
  4856 | Temple   | Became a worshipper of the Wu Jian Council
  4964 | D:3      | Killed Sigmund
  5158 | D:1      | Bought the +1 leather armour of Feasting {Drain Str-5 Dex+8
                  | Stlth+} for 192 gold pieces
  5237 | D:5      | Entered Level 5 of the Dungeon
  5239 | D:5      | Found Roogogit's Antique Weapon Shop.
  5278 | D:5      | Reached XP level 8. HP: 39/41 MP: 7/11
  5699 | D:5      | Noticed Blork the orc
  5704 | D:5      | Killed Blork the orc
  5892 | D:5      | Found a hazy altar of Hepliaklqana.
  6202 | D:5      | Reached skill level 5 in Short Blades
  6670 | D:6      | Found a sand-covered staircase.
  6675 | Ossuary  | Entered an ossuary
  6702 | Ossuary  | Learned a level 3 spell: Dazzling Flash
  6818 | Ossuary  | Reached * piety under Wu Jian
  6851 | Ossuary  | Reached XP level 9. HP: 45/45 MP: 14/14
  6994 | Ossuary  | Reached ** piety under Wu Jian
  7115 | D:6      | Found a radiant altar of Vehumet.
  7224 | D:6      | Found a shimmering altar of Xom.
  7231 | D:6      | Noticed Edmund
  7235 | D:6      | Killed Edmund
  7653 | D:7      | Identified the +5 morningstar of Epacepni {protect, rF++
                  | Will- Int+3}
  7698 | D:7      | Noticed Maggie
  7701 | D:7      | Killed Maggie
  7702 | D:7      | Reached skill level 10 in Short Blades
  7724 | D:7      | Noticed Duvessa
  7726 | D:7      | Killed Duvessa
  7727 | D:7      | Noticed Dowan
  8092 | D:8      | Found an ancient bone altar of Kikubaaqudgha.
  8107 | D:8      | Reached skill level 5 in Spellcasting
  8143 | D:8      | Reached XP level 10. HP: 50/50 MP: 14/17
  8215 | D:8      | Found a blossoming altar of Fedhas.
  8218 | D:8      | Found a stormy altar of Qazlal.
  8316 | D:7      | Identified a scroll of acquirement
  8342 | D:7      | Found a shimmering altar of Xom.
  8343 | D:7      | Noticed a cyclops
  8378 | D:7      | Found a basalt altar of Yredelemnul.
  8950 | D:8      | Noticed Grum
  9264 | D:8      | Found a staircase to the Lair.
  9295 | D:8      | Reached skill level 5 in Dodging
  9340 | D:8      | Found a sacrificial altar of Ru.
  9421 | D:8      | Reached *** piety under Wu Jian
  9495 | D:8      | Found a burning altar of Makhleb.
  9609 | D:9      | Found a shadowy altar of Dithmenos.
  9644 | D:9      | Found a glowing silver altar of Zin.
  9752 | D:9      | You fall into a shaft and drop 2 floors!
  9884 | D:11     | Found a gate leading to a gauntlet.
  9891 | D:11     | Reached XP level 11. HP: 54/54 MP: 19/19
  9928 | Gauntlet | Entered a Gauntlet
  9928 | Gauntlet | Found a transporter.
  9941 | Gauntlet | Found a transporter.
  9953 | Gauntlet | Found a runed translucent gate.
  9965 | Gauntlet | Noticed an entropy weaver
  9978 | Gauntlet | Found a transporter.
  9991 | Gauntlet | Found a transporter.
  9991 | Gauntlet | Noticed a death yak
  9995 | Gauntlet | Noticed a death yak
 10001 | Gauntlet | Noticed a necromancer
 10011 | Gauntlet | Found a runed translucent gate.
 10025 | Gauntlet | Noticed a death yak
 10038 | Gauntlet | Noticed a wizard
 10039 | Gauntlet | Noticed a wizard
 10050 | Gauntlet | Found a transporter.
 10050 | Gauntlet | Found a transporter.
 10059 | Gauntlet | Noticed a death drake
 10062 | Gauntlet | Found a transporter.
 10096 | Gauntlet | Found a transporter.
 10286 | Gauntlet | Identified the +1 hat of Kynk {rElec Str+3 Dex-5}
 10290 | Gauntlet | HP: 2/53 [poisoned by a death drake (foul vapour)]
 10300 | Gauntlet | Reached skill level 1 in Conjurations
 10526 | Gauntlet | Learned a level 4 spell: Leda's Liquefaction
 10547 | Gauntlet | Killed a wizard
 10547 | Gauntlet | Killed a wizard
 10708 | Gauntlet | Identified the ring of Doubts {rPois rF++}
 10743 | Gauntlet | Identified the amulet "Zoup" {RegenMP Contam Rampage rPois
                  | rN++}
 10743 | Gauntlet | Noticed a minotaur
 10778 | Gauntlet | Killed a minotaur
 10779 | Gauntlet | Reached skill level 5 in Conjurations
 11647 | D:11     | Noticed a boulder beetle
 11775 | D:11     | HP: 3/81 [gargoyle/+0 mace (13)]
 11778 | D:11     | Slain by a gargoyle

Illustrated notes

Levels and vault maps discovered:
D:1:      elethiomel_arrival_infinity_welcomes_careful_drivers, layout_rooms,
          serial_shops, shop, nicolae_square_shop
D:2:      layout_loops_ring, shapermc_ecumenical_altar_petra,
          minmay_snake_closets
D:3:      layout_loops_ring, gammafunk_ghost_arena,
          minmay_randomly_rotated_circles, uniq_sigmund, uniq_jessica,
          uniq_robin
D:4:      layout_loops_corners, mainiacjoe_overflow_small_starburst,
          grunt_temple_overflow_open, minmay_temple_entry_drinking_statues
D:5:      lemuel_ice_spiral_2, layout_basic, marbit_many_paths,
          minmay_shop_grid_forest, minmay_misc_feat_doors, uniq_blork_the_orc
D:6:      layout_loops_cross, nicolae_overflow_crystal_walls, dk_xom_monty_hall,
          nicolae_ossuary_entry_giza, kennysheep_generic_room_11, uniq_edmund
D:7:      layout_basic, hangedman_feature_mirror, uniq_duvessa, uniq_maggie
D:8:      layout_basic, grunt_temple_overflow_forces_of_nature,
          mainiacjoe_overflow_cross_hatched, kennysheep_little_box,
          nicolae_ru_great_annihilating_truth, lair_entry_dummy, uniq_grum
D:9:      layout_basic, kennysheep_mini_moat, nicolae_dithmenos_the_darkroom,
          david_orc_1_choice, eino_house_with_fridge, uniq_maurice
D:11:     layout_basic, gauntlet_entry_generic
Temple:   hellmonk_temple_of_storms

Skill      XL: |  1  2  3  4  5  6  7  8  9 10 11 |
---------------+----------------------------------+-----
Stealth        | 5 6 7 8 9 11 12 | 12.0
Ice Magic      | 1 2 3 |  3.0
Short Blades   | 6 11 12 | 12.1
Spellcasting   | 3 5 |  5.6
Dodging        | 9 |  9.3
Conjurations   | 5 |  5.8
Hexes          | 4 |  4.1

Action                   |  1- 3 |  4- 6 |  7- 9 | 10-12 || total
-------------------------+-------+-------+-------+-------++-------
Melee: Dagger            |    47 |   118 |   181 |   206 ||   552
       Punch             |     1 |       |     1 |     3 ||     5
       Short sword       |       |       |       |    20 ||    20
Throw: Dart              |       |       |       |     2 ||     2
 Cast: Ensorcelled Hiber |     8 |    18 |    20 |    29 ||    75
       Confusing Touch   |       |       |     3 |     6 ||     9
       Dazzling Flash    |       |       |       |     4 ||     4
       Tukima's Dance    |       |       |       |     3 ||     3
Invok: Lunge             |       |       |    44 |    25 ||    69
       Whirlwind         |       |       |     7 |     5 ||    12
Evoke: Wand              |       |       |       |     6 ||     6
  Use: Potion            |       |     2 |     1 |     7 ||    10
       Scroll            |       |       |       |    18 ||    18
 Stab: Sleeping          |    18 |    36 |    69 |    38 ||   161
       Distracted        |       |     4 |     4 |     3 ||    11
       Invisible         |       |     1 |       |     3 ||     4
       Confused          |       |       |     3 |     4 ||     7
Armor: Robe              |     6 |    20 |    25 |       ||    51
       Leather armour    |       |       |     7 |    41 ||    48
       Skin              |       |       |       |    22 ||    22
Dodge: Dodged            |    29 |    92 |    78 |   101 ||   300

Table legend: (Time is in decaauts)
 A = Elapsed time spent in this place.
 B = Non-inter-level travel time spent in this place.
 C = Inter-level travel time spent in this place.
 D = Time resting spent in this place.
 E = Time spent auto-exploring this place.
 F = Levels seen in this place.
 G = Mean time per level.
                   A        B        C        D        E       F      G
               +--------+--------+--------+--------+--------+-----+--------+
         Total |  11649 |  10852 |    797 |   1889 |   6689 |  13 |  896.1 |
       Dungeon |   9767 |   8991 |    776 |    850 |   6385 |  10 |  976.7 |
        Temple |     70 |     49 |     21 |      0 |     36 |   1 |   70.0 |
       Ossuary |    330 |    330 |      0 |     58 |     96 |   1 |  330.0 |
      Gauntlet |   1480 |   1480 |      0 |    981 |    172 |   1 | 1480.0 |
               +--------+--------+--------+--------+--------+-----+--------+

Top non-repeatable levels by time:
     D:3: 1936 daAuts
Gauntlet: 1480 daAuts
     D:2: 1353 daAuts
     D:5: 1181 daAuts
     D:4: 1118 daAuts
     D:6: 976 daAuts
     D:8: 882 daAuts
     D:7: 838 daAuts
     D:1: 772 daAuts
    D:11: 491 daAuts
 Ossuary: 330 daAuts
     D:9: 215 daAuts
  Temple: 70 daAuts
